 Dungeon Crawl Stone Soup version 0.28.0-43-g3370ac3207 (webtiles) character file.

Game seed: 17427690908013008072

26 Descartes the Ducker (level 2, -1/13 HPs)
             Began as a Felid Wanderer on Mar 16, 2022.
             Succumbed to a kobold's poison
             ... on level 2 of the Dungeon.
             The game lasted 00:01:29 (742 turns).

Descartes the Ducker (Felid Wanderer)                Turns: 742, Time: 00:01:30

Health: -1/13      AC:  1    Str: 11    XL:     2   Next: 89%
Magic:  3/3        EV: 18    Int: 13    God:
Gold:   54         SH:  0    Dex: 12    Spells: 1/1 levels left
                                        Lives:  0   Deaths: 0

rFire   . . .      SeeInvis +     - Unarmed
rCold   . . .      Faith    .   (shield unavailable)
rNeg    + . .      Spirit   .   (armour unavailable)
rPois   .          Reflect  .   (helmet unavailable)
rElec   .          Harm     .   (cloak unavailable)
rCorr   .          Rampage  .   (gloves unavailable)
Will    .....                   (boots unavailable)
Stlth   ++........              (no amulet)
HPRegen 0.04/turn               e - ring of positive energy
MPRegen 0.08/turn               (no ring)

@: lethally poisoned (-1 -> -15), flying, quick
A: very small, claws 1, fangs 3, see invisible, speed 1, shaggy fur 1, stealthy
paws, no weapons or thrown items, no armour, multi-lived
a: no special abilities


You were on level 2 of the Dungeon.
You visited 1 branch of the dungeon, and saw 2 of its levels.

You collected 54 gold pieces.

Inventory:

Missiles
 f - 14 stones
Jewellery
 e - a ring of positive energy (left paw)
Scrolls
 a - 2 scrolls of teleportation
 b - 2 scrolls of magic mapping {unknown}


   Skills:
 + Level 2.4 Fighting
 + Level 5.6 Dodging
 + Level 1.7 Stealth
 + Level 4.2 Unarmed Combat


You had one spell level left.
You didn't know any spells.
Your spell library was empty.

Dungeon Overview and Level Annotations

Branches:
Dungeon (2/15)

Altars:


Innate Abilities, Weirdness & Mutations

You have sharp claws.
You have razor-sharp teeth.
You have supernaturally acute eyesight. (SInv)
You cover ground quickly. (Speed+)
You are covered in fur. (AC +1)
Your paws help you pounce on unaware monsters.
You are incapable of wielding weapons or throwing items.
You cannot wear armour.
You gain extra lives every three experience levels.


Message History

You are too injured to fight recklessly!
You are too injured to fight recklessly!
You are too injured to fight recklessly!
You are too injured to fight recklessly!
You are too injured to fight recklessly!
You are too injured to fight recklessly!
You are too injured to fight recklessly!
You are too injured to fight recklessly!
You feel sick.
The kobold shouts!
The adder barely misses you.
You barely miss the adder. Your bite misses the adder.
The adder is moderately wounded.
* * * LOW HITPOINT WARNING * * *
You feel sick. The adder completely misses you.
It was a potion of curing.
You feel better. The kobold completely misses you. The adder barely misses you.
The kobold throws a stone.
The stone misses you.
A rat comes into view.
You miss the adder. Your bite misses the adder.
The adder is moderately wounded.
The adder misses you.
The kobold hits you with a +2 dagger of venom.
You claw the adder!
You kill the adder!
The kobold hits you with a +2 dagger of venom.
You are lethally poisoned!
The kobold throws a stone.
The stone misses you.
You barely miss the kobold.
You feel very sick. The kobold misses you.
You closely miss the kobold.
* * * LOW HITPOINT WARNING * * *
You feel sick.
The kobold hits you with a +2 dagger of venom.
* * * LOW HITPOINT WARNING * * *
You are more poisoned.
It was a potion of flight.
You feel very buoyant.
You fly up into the air.
You die...

#.......#
#......(##J
#......... .
#r......##.#
####K.........
#.[........#
##......<##
#K@.......#
........#..####..#
# ...##..##.##..##
). ....#..#....#
.. ......#....#..#
..
.......##..##.##.#
........####..#..#
...####.........#
####.#.##.##.#


You could see 2 kobolds and a rat.

Vanquished Creatures
  An adder (D:2)
  An endoplasm (D:2)
  A giant cockroach (D:1)
  A goblin (D:1)
  3 hobgoblins
  3 jackals (D:1)
  2 quokkas
  A ball python (D:1)
  A frilled lizard (D:2)
  A rat (D:2)
15 creatures vanquished.

Notes
Turn   | Place    | Note
-------+----------+-------------------------------------------
     0 | D:1      | Descartes the Felid Wanderer began the quest for the Orb.
     0 | D:1      | Descartes set off with the following items: 2 scrolls of
                  | teleportation
     0 | D:1      | Reached XP level 1. HP: 9/9 MP: 2/2
   186 | D:1      | Reached skill level 1 in Stealth
   203 | D:1      | Found a faded altar of an unknown god.
   213 | D:1      | Reached XP level 2. HP: 13/13 MP: 3/3
   742 | D:2      | Succumbed to a kobold's poison

Illustrated notes

Levels and vault maps discovered:
D:1:      minmay_arrival_checkered_box, layout_loops_ring,
          hellmonk_ecumenical_altar_crossroads
D:2:      layout_loops_cross, minmay_close_crescents

Skill      XL: |  1 |
---------------+----+-----
Stealth        | 1 |  1.7
Fighting       | |  2.4
Dodging        | |  5.6
Unarmed Combat | |  4.2

Action                   || total
-------------------------++-------
Melee: Unarmed           ||    43
       Punch             ||     2
       Bite              ||     1
  Use: Potion            ||     2
 Stab: Sleeping          ||     1
Armor: Skin              ||     2
Dodge: Dodged            ||    49
